 Dungeon Crawl Stone Soup version 0.29-a0-732-g3d7fbe0af2 (webtiles) character file.

Game seed: 16768148203136992791

76 Sabo the Sneak (level 4, -8/30 HPs)
             Began as an Octopode Brigand on June 30, 2022.
             Was an Initiate of Yredelemnul.
             Mangled by a gnoll
             ... wielding a +4 whip
              (11 damage)
             ... on level 3 of the Dungeon.
             The game lasted 00:14:41 (2798 turns).

Sabo the Sneak (Octopode Brigand)                   Turns: 2798, Time: 00:14:41

Health: -8/30      AC:  1    Str: 12    XL:     4   Next: 32%
Magic:  4/4        EV: 12    Int: 19    God:    Yredelemnul [......]
Gold:   56         SH:  3    Dex: 13    Spells: 3/3 levels left

rFire   . . .      SeeInvis .   a - +2 dagger
rCold   . . .      Faith    .   h - +0 buckler
rNeg    . . .      Spirit   .   (helmet restricted)
rPois   .          Reflect  .   (no amulet)
rElec   .          Harm     .   e - ring of fire
rCorr   .          Rampage  .   k - ring of ice
Will    .....                   l - +6 ring of intelligence
Stlth   ++++......              (no ring)
HPRegen 0.10/turn               (no ring)
MPRegen 0.09/turn               (no ring)
                                (no ring)
                                (no ring)

@: no status effects
A: almost no armour, amphibious, 8 rings, camouflage 1, gelatinous body 1,
(nimble swimmer 1), tentacles
a: Renounce Religion, Recall Undead Harvest


You were on level 3 of the Dungeon.
You worshipped Yredelemnul.
Yredelemnul was noncommittal.
You visited 1 branch of the dungeon, and saw 3 of its levels.

You collected 56 gold pieces.

Inventory:

Hand Weapons
 a - a +2 dagger (weapon)
 j - a +0 whip of pain
Missiles
 b - 14 poisoned darts (quivered)
 c - 3 curare-tipped darts
 i - a throwing net
Armour
 h - a +0 buckler (worn)
Jewellery
 e - a ring of fire (left tentacle)
 k - a ring of ice (right tentacle)
 l - a +6 ring of intelligence (on tentacle)
Scrolls
 g - a scroll of enchant weapon
 m - a scroll of silence {unknown}
Potions
 d - 2 potions of ambrosia {unknown}
 f - 2 potions of heal wounds
 n - a potion of curing {unknown}


   Skills:
 + Level 2.3 Fighting
 + Level 2.5 Short Blades
 + Level 2.8 Throwing
 + Level 1.3 Dodging
 + Level 6.3 Stealth


You had 3 spell levels left.
You didn't know any spells.
Your spell library contained the following spells:

 Spells                   Type           Power      Damage    Failure   Level
 Apportation              Tloc           0%         N/A       28%         1
 Necrotize                Necr           0%         1d4       28%         1
 Summon Small Mammal      Summ           0%         N/A       28%         1


Dungeon Overview and Level Annotations

Branches:
Dungeon (3/15)

Altars:
Yredelemnul

Shops:
D:1 !   D:2 (!(**


Innate Abilities, Weirdness & Mutations

You cannot wear most types of armour.
You are amphibious.
You can wear up to eight rings at the same time.
Your skin changes colour to match your surroundings (Stealth+).
Your rubbery body absorbs attacks. (AC +1, EV +1)
((You are camouflaged when in or above water. (Stealth+)))
You have tentacles for arms and can constrict up to eight enemies at once.


Message History

Throw: 15 darts (poison)
Press: ? - help, Q - select action, (/) - cycle Shift-Dir - straight line, f - gnoll
Aim: a gnoll, wielding a +0 halberd (asleep, 98% to hit)
You throw a poisoned dart. The poisoned dart hits the gnoll.
The gnoll is poisoned.
The gnoll looks more healthy.
The gnoll hits you with a +0 halberd!
You barely miss the gnoll. You grab the gnoll.
The gnoll is moderately wounded.
You constrict the gnoll. The gnoll barely misses you.
You hit the gnoll.
The gnoll is moderately wounded.
You constrict the gnoll. The gnoll hits you with a +0 halberd.
You hit the gnoll.
The gnoll is almost dead.
You constrict the gnoll.
You kill the gnoll!
The dead are walking!
You see here a +0 halberd.
You see here a +0 halberd.
A hobgoblin is nearby!
Your gnoll zombie hits something.
Something hits your gnoll zombie!
A hobgoblin is nearby!
A hobgoblin is nearby!
A gnoll comes into view. It is wielding a +4 whip.
Your gnoll zombie barely misses the gnoll.
The gnoll hits your gnoll zombie with a +4 whip.
Your gnoll zombie barely misses the gnoll.
Your gnoll zombie closely misses the gnoll.
The gnoll hits you with a +4 whip.
You see here a scroll labelled XOP FOMUWU.
Your gnoll zombie closely misses the gnoll.
The gnoll hits you with a +4 whip!
* * * LOW HITPOINT WARNING * * *
You hit the gnoll. Your grab misses the gnoll.
The gnoll is moderately wounded.
Your gnoll zombie barely misses the gnoll.
The gnoll hits you with a +4 whip!
You die...
Your body rises from the dead as a mindless zombie.

.#.... .. . ..... .<....
J. .... ....###.?.!##..
..... ..............
..... ............#
#...g. #..........######
##....##...............
......(@?........#.#.#
......Zg..#..!..)....#
..#......(...........#
#...##..#...<...#..#
#...##.###......#..#
..#........)...#....#
.............##.)#...###
...##.##.###............
#. #.# #####..###...


You could see a gnoll (ally target), a hobgoblin (asleep) and a friendly gnoll
zombie.

Vanquished Creatures
  2 gnolls (D:3)
  An adder (D:2)
  A worm (D:2)
  2 dart slugs (D:1)
  A bat (D:1)
  4 endoplasms
  2 giant cockroaches (D:1)
  6 goblins
  5 hobgoblins
  4 jackals (D:2)
  A quokka (D:2)
  3 ball pythons
  A frilled lizard (D:1)
  2 kobolds
  3 rats (D:1)
38 creatures vanquished.

Vanquished Creatures (others)
  A plant (D:1)
1 creature vanquished.

Grand Total: 39 creatures vanquished

Notes
Turn   | Place    | Note
-------+----------+-------------------------------------------
     0 | D:1      | Sabo the Octopode Brigand began the quest for the Orb.
     0 | D:1      | Reached XP level 1. HP: 14/14 MP: 1/1
   157 | D:1      | Reached XP level 2. HP: 17/19 MP: 2/2
   348 | D:1      | Found Iwki's Distillery.
   895 | D:1      | Reached XP level 3. HP: 21/24 MP: 3/3
  1074 | D:1      | Reached skill level 6 in Stealth
  1402 | D:2      | Found Kideemon's General Store.
  1408 | D:2      | Found Cyfau's Assorted Antiques.
  1831 | D:2      | Found Veti's Distillery.
  2242 | D:2      | Found Getutyr's Weapon Shoppe.
  2328 | D:2      | Found Janymis's Weapon Emporium.
  2503 | D:2      | Found a faded altar of an unknown god.
  2505 | D:2      | Prayed at the altar of an unknown god.
  2505 | D:2      | Became a worshipper of Yredelemnul the Dark
  2635 | D:3      | Reached XP level 4. HP: 19/29 MP: 4/4
  2798 | D:3      | Mangled by a gnoll

Illustrated notes

Levels and vault maps discovered:
D:1:      amcnicky_arrival_flooded_fountain, layout_loops_ring, serial_shops,
          shop, serial_bayou_pond_d, minmay_statues_item, minivault_4
D:2:      layout_basic, chequers_ecumenical_altar_twisty, serial_shops, shop,
          nicolae_shop_behind_doors, shop, nicolae_square_shop, shop
D:3:      layout_rooms, minmay_lizard_king

Skill      XL: |  1  2  3 |
---------------+----------+-----
Stealth        | 6 |  6.3
Fighting       | |  2.3
Short Blades   | |  2.5
Throwing       | |  2.8
Dodging        | |  1.3

Action                   |  1- 3 |  4- 6 || total
-------------------------+-------+-------++-------
Melee: Dagger            |    65 |     4 ||    69
       Constrict         |    17 |     1 ||    18
       Tentacles         |    13 |       ||    13
Throw: Dart              |    22 |     2 ||    24
  Use: Scroll            |     3 |       ||     3
 Stab: Sleeping          |     1 |       ||     1
Armor: Skin              |     4 |       ||     4
Dodge: Dodged            |    28 |     1 ||    29
Block: Buckler           |     3 |       ||     3

Table legend: (Time is in decaauts)
 A = Elapsed time spent in this place.
 B = Non-inter-level travel time spent in this place.
 C = Inter-level travel time spent in this place.
 D = Time resting spent in this place.
 E = Time spent auto-exploring this place.
 F = Levels seen in this place.
 G = Mean time per level.
                   A        B        C        D        E       F      G
               +--------+--------+--------+--------+--------+-----+--------+
         Total |   2788 |   2788 |      0 |    815 |      0 |   3 |  929.3 |
       Dungeon |   2788 |   2788 |      0 |    815 |      0 |   3 |  929.3 |
               +--------+--------+--------+--------+--------+-----+--------+

Top non-repeatable levels by time:
     D:1: 1395 daAuts
     D:2: 1217 daAuts
     D:3: 174 daAuts
